 Dungeon Crawl Stone Soup version 0.20-a0-969-g5a5da1e (webtiles) character file.

77 HAWKINGL3623 the Sneak (level 4, -2/23 HPs)
             Began as a Spriggan Assassin on Oct 20, 2017.
             Was an Initiate of Dithmenos.
             Slain by a scorpion (5 damage)
             ... in an ossuary.
             The game lasted 00:05:07 (1026 turns).

HAWKINGL3623 the Sneak (Spriggan Assassin)          Turns: 1026, Time: 00:05:07

Health: -2/23      AC:  4    Str:  7    XL:     4   Next: 14%
Magic:  5/5        EV: 22    Int: 12    God:    Dithmenos [......]
Gold:   29         SH:  0    Dex: 23    Spells: 3/3 levels left

rFire    . . .     SeeInvis +   a - +2 dagger
rCold    . . .     Gourm    .   (shield restricted)
rNeg     . . .     Faith    .   c - +1 robe
rPois    +         Spirit   .   (helmet restricted)
rElec    .         Reflect  .   d - +0 cloak
rCorr    .         Harm     .   (gloves unavailable)
MR       .....                  (boots unavailable)
Stlth    +++++.....             (no amulet)
Regen    0.1/turn               i - ring of poison resistance
MPRegen  0.1/turn               (no ring)

@: agile, very quick
A: unfitting armour, see invisible, herbivore 3, speed 3, slow metabolism 2
a: Renounce Religion


You were in an ossuary.
You worshipped Dithmenos.
Dithmenos was noncommittal.
You were not hungry.

You visited 2 branches of the dungeon, and saw 7 of its levels.
You also visited: Ossuary.

You collected 29 gold pieces.

Inventory:

Hand Weapons
 a - a +2 dagger (weapon)
 b - a +0 blowgun
 j - a +1 short sword of holy wrath
Missiles
 e - 4 poisoned needles
Armour
 c - a +1 robe (worn)
 d - a +0 cloak (worn)
Jewellery
 i - a ring of poison resistance (left hand)
Comestibles
 g - a bread ration
 h - a royal jelly


   Skills:
 + Level 1.7 Fighting
 + Level 2.9 Short Blades
 + Level 2.1 Throwing
 + Level 1.7 Dodging
 + Level 7.9 Stealth


You had 3 spell levels left.
You didn't know any spells.

Dungeon Overview and Level Annotations

Branches:
Dungeon (6/15)             Temple (1/1) D:6

Altars:
Dithmenos
Uskayaw
Yredelemnul
Zin


Innate Abilities, Weirdness & Mutations

You are very small and have problems with some larger weapons.
You are too small for most types of armour.
You have supernaturally acute eyesight. (SInv)
You are a herbivore.
You cover ground extremely quickly.
You need consume almost no food.


Message History

You hit the scorpion.
The scorpion is severely wounded.
The scorpion barely misses you. The orc zombie misses you.
You barely miss the scorpion.
The scorpion is severely wounded.
The scorpion stings you but does no damage.
You barely miss the scorpion.
The scorpion is severely wounded.
The orc zombie barely misses you. The scorpion stings you!
You barely miss the scorpion.
The scorpion is severely wounded.
The scorpion stings you.
* * * LOW HITPOINT WARNING * * *
The orc zombie hits you.
* * * LOW HITPOINT WARNING * * *
Unknown command.
It was a potion of agility.
You feel agile all of a sudden. The scorpion stings you.
You die...

######### #...#((.#
+...8...# #...(...#
#############8.(.8##
...#...#...#.......#
.∩.'...8...#...8sZ.#
...#.......#...#@..#
#'###8...8###+######
...#.......#...#.!"#
.∩.#...8...'...#"M.+
...#...#...#.^^#.."#
####################


You could see a scorpion and an orc zombie.

Vanquished Creatures
  A hound (D:5)
  A big kobold zombie (Ossuary)
  A hound skeleton (D:6)
  A mummy (D:6)
  A bat (D:1)
  A goblin (D:2)
6 creatures vanquished.

Notes
Turn   | Place    | Note
-------+----------+-------------------------------------------
     0 | D:1      | HAWKINGL3623 the Spriggan Assassin began the quest for the Orb.
     0 | D:1      | Reached XP level 1. HP: 10/10 MP: 2/2
    37 | D:1      | Reached skill level 6 in Stealth
    55 | D:2      | a dart slug gained the power of zot (level 1).
    55 | D:2      | a kobold gained the power of zot (level 1).
    55 | D:2      | something gained the power of zot (level 1).
    55 | D:2      | a bat gained the power of zot (level 1).
   248 | D:5      | Entered Level 5 of the Dungeon
   248 | D:5      | Noticed an orc warrior
   248 | D:5      | Noticed an orc priest
   254 | D:4      | an orc warrior gained the power of zot (level 1).
   254 | D:4      | an orc gained the power of zot (level 1).
   254 | D:4      | an orc priest gained the power of zot (level 1).
   323 | D:5      | Noticed a hound
   325 | D:5      | Killed a hound
   325 | D:5      | Reached skill level 7 in Stealth
   325 | D:5      | Reached XP level 2. HP: 14/14 MP: 3/3
   325 | D:5      | Reached XP level 3. HP: 18/18 MP: 4/4
   330 | D:5      | Noticed an ogre
   372 | D:6      | Found a staircase to the Ecumenical Temple.
   375 | D:6      | Noticed a centaur
   377 | Temple   | a centaur gained the power of zot (level 1).
   377 | Temple   | Entered the Ecumenical Temple
   414 | Temple   | Became a worshipper of Dithmenos the Shadowed
   614 | D:6      | Found a sand-covered staircase.
   860 | Ossuary  | Entered an ossuary
   896 | Ossuary  | Reached XP level 4. HP: 15/23 MP: 5/5
  1026 | Ossuary  | Slain by a scorpion

Vault maps used:
D:1:      onia_arrival_pentagram
D:2:      elyvilon_altar_1
D:3:      kennysheep_orc_chapel
D:4:      minmay_distorted
D:5:      first_bread, nicolae_ru_sacrificial_ziggurat
D:6:      minmay_temple_entry_steel_oval, gup_ossuary_entry_pyramid,
          serial_shops, shop, minivault_24, uniq_eustachio, uniq_grinder,
          uniq_menkaure
Temple:   dpeg_five_rooms_temple
Ossuary:  ossuary_minmay_scorpions

Skill      XL: |  1 |
---------------+----+-----
Stealth        | 7 |  7.9
Fighting       | |  1.7
Short Blades   | |  2.9
Throwing       | |  2.1
Dodging        | |  1.7

Action                   |  1- 3 |  4- 6 || total
-------------------------+-------+-------++-------
Melee: Dagger            |    40 |     5 ||    45
 Fire: Blowgun           |       |     6 ||     6
  Use: Scroll            |     4 |       ||     4
       Potion            |     1 |     1 ||     2
 Stab: Sleeping          |     4 |       ||     4
Armor: Robe              |     5 |     2 ||     7
Dodge: Dodged            |    30 |     4 ||    34
